 Dungeon Crawl Stone Soup version bcrawl-1.39.1 (webtiles) character file.

Game seed: 2875402062522565362

238948 AndrolTheGreedy the Covert (level 6, -1/35 HPs)
             Began as a Vine Stalker Rogue on Aug 26, 2023.
             Succumbed to an orc wizard's poison
             ... on level 3 of the Dungeon.
             The game lasted 00:05:16 (1766 turns).

AndrolTheGreedy the Covert (Vine Stalker Rogue)     Turns: 1766, Time: 00:05:16

Health: -1/35      AC:  3    Str: 15    XL:     6   Next: 23%
Magic:  8/8        EV: 11    Int: 11    God:
Gold:   202        SH:  0    Dex: 16    Spells: 5/5 levels left

rFire    . . .     GDR:     28% p - +0 short sword
rCold    . . .     SeeInvis .   (no shield)
rNeg     . . .     Gourm    .   c - +0 robe
rPois    .         Faith    .   (no helmet)
rElec    .         Spirit   .   d - +0 cloak
rCorr    .         Reflect  .   (no gloves)
MR       .....                  (no boots)
Stlth    ++++......             (no amulet)
HPRegen  0.55/turn              (no ring)
MPRegen  0.11/turn              (no ring)

@: lethally poisoned (-1 -> -17)
A: fangs 3, regeneration 1, no potion heal 3, rot immunity, strong jaws
a: no special abilities


You were on level 3 of the Dungeon.
You were hungry.

You visited 1 branch of the dungeon, and saw 3 of its levels.

You collected 202 gold pieces.

Inventory:

Hand Weapons
 a - a +2 dagger
 b - a +0 blowgun
 p - a +0 short sword (weapon)
 q - a +0 arbalest
Missiles
 h - 73 poisoned needles
 s - 166 bolts
Armour
 c - a +0 robe (worn)
 d - a +0 cloak (worn)
Jewellery
 l - a cursed amulet of inaccuracy
Wands
 f - a wand of flame (15)
 g - a wand of charming (15)
Scrolls
 i - a scroll of identify
 j - 2 scrolls of teleportation
 k - 2 scrolls of immolation
 n - 4 scrolls of remove curse
 o - a scroll of amnesia
 v - a scroll of enchant armour {unknown}
Potions
 m - a potion of magic {unknown}
 r - a potion of flight
 t - a potion of curing {unknown}
 u - a potion of lignification {unknown}
 w - a potion of ambrosia {unknown}
Comestibles
 e - 6 rations {!d}
 x - 3 chunks of flesh


   Skills:
 - Level 1.7 Fighting
 + Level 4.2 Short Blades
 + Level 8.5 Stealth
 - Level 1.7 Evocations


You had 5 spell levels left.
You didn't know any spells.
Your spell library was empty.

Dungeon Overview and Level Annotations

Branches:
Dungeon (3/12)

Altars:
Dithmenos
Gozag
Uskayaw


Innate Abilities, Weirdness & Mutations

You have razor-sharp teeth.
Your natural rate of healing is unusually fast.
Potions cannot restore your health.
You are immune to rotting.
Your bites deal extra damage.


Message History

The bat is moderately wounded.
You feel sick. The bat closely misses you. Something hits you.
You are more poisoned.
You are feeling hungry.
You closely miss something.
You feel sick. The bat closely misses you.
You miss something. You bite something.
You feel sick. The bat hits you but does no damage. Something hits you.
* * * LOW HITPOINT WARNING * * *
You are lethally poisoned!
You barely miss something.
* * * LOW HITPOINT WARNING * * *
You feel sick.
You hear some strange, mumbled words.
A puff of frost appears from out of thin air!
The puff of frost hits you!
* * * LOW HITPOINT WARNING * * *
The bat closely misses you.
Okay, then.
Okay, then.
You die...

#.# #.......#######)####
#(# #..............÷....
#.# #...................
#.# ########............
#.# #............
#.############............
#.........................
##############............
......{.@................
#§#§...b.................
§§§#§....................
# #§#§................###
§§§§§...................
#§#§#§........###........
§§§#§.........# #........
.#..########## #........
#........


You could see a bat.

Vanquished Creatures
  An ogre (D:3)
  An orc priest (D:3)
  A hound (D:3)
  An orc wizard (D:3)
  A worker ant (D:3)
  An adder (D:3)
  An ooze (D:2)
  A worm (D:2)
  6 leopard geckos
  6 orcs
  2 goblins
  10 hobgoblins
  2 quokkas (D:3)
  8 bats
  2 frilled lizards
  4 kobolds
  3 rats
51 creatures vanquished.

Notes
Turn   | Place    | Note
-------+----------+-------------------------------------------
     0 | D:1      | AndrolTheGreedy the Vine Stalker Rogue began the quest for
                  | the Orb.
     0 | D:1      | Reached XP level 1. HP: 12/12 MP: 3/3
    53 | D:1      | Reached skill level 6 in Stealth
   232 | D:1      | Reached XP level 2. HP: 17/17 MP: 4/4
   540 | D:2      | Reached XP level 3. HP: 10/21 MP: 5/5
   626 | D:2      | Found an opulent altar of Gozag.
  1307 | D:3      | Reached skill level 7 in Stealth
  1307 | D:3      | Reached XP level 4. HP: 26/26 MP: 6/6
  1511 | D:3      | Reached XP level 5. HP: 24/30 MP: 7/7
  1619 | D:3      | Reached skill level 8 in Stealth
  1664 | D:3      | Noticed an ogre
  1667 | D:3      | Found a hide-covered altar of Uskayaw.
  1669 | D:3      | Killed an ogre
  1670 | D:3      | Gained mutation: You have razor-sharp teeth. [Vine Stalker
                  | growth]
  1670 | D:3      | Reached XP level 6. HP: 35/35 MP: 8/8
  1751 | D:3      | Found a shadowy altar of Dithmenos.
  1765 | D:3      | HP: 1/35 [something/puff of frost (7)]
  1766 | D:3      | Succumbed to an orc wizard's poison

Skill      XL: |  1  2  3  4  5 |
---------------+----------------+-----
Stealth        | 6 7 8 |  8.5
Short Blades   | 2 3 4 |  4.2
Fighting       | |  1.7
Evocations     | |  1.7

Action                   |  1- 3 |  4- 6 || total
-------------------------+-------+-------++-------
Melee: Dagger            |    43 |       ||    43
       Bite              |     3 |    14 ||    17
       Short sword       |    32 |    84 ||   116
 Fire: Blowgun           |       |     7 ||     7
  Use: Scroll            |       |     6 ||     6
 Stab: Sleeping          |    11 |     1 ||    12
  Eat: Chunk             |     3 |     3 ||     6
Armor: Robe              |     9 |    20 ||    29
Dodge: Dodged            |    33 |    51 ||    84
